 Dungeon Crawl Stone Soup version 0.29.0-4-gdea44cf6ec (webtiles) character file.

Game seed: 4212773714497316764

2956 qw the Cleaver (level 9, -8/79 HPs)
             Began as a Minotaur Fighter on Sept 6, 2022.
             Mangled by a hellwing (9 damage)
             ... on level 7 of the Dungeon.
             The game lasted 00:03:01 (5984 turns).

qw the Cleaver (Minotaur Fighter)                   Turns: 5984, Time: 00:03:02

Health: -8/79      AC: 17    Str: 24    XL:     9   Next: 52%
Magic:  8/8        EV: 11    Int: 13    God:
Gold:   160        SH:  5    Dex: 11    Spells: 8/8 levels left

rFire   + + .      SeeInvis .   j - +5 hand axe of the World {speed, Contam Fly Will- Int+8}
rCold   . . .      Faith    .   c - +0 buckler
rNeg    . . .      Spirit   .   r - +0 plate armour
rPois   .          Reflect  .   (helmet restricted)
rElec   .          Harm     .   n - +0 cloak
rCorr   .          Rampage  .   e - +0 pair of gloves
Will    .....                   a - +0 pair of boots of Pathos {rF++}
Stlth   ..........              (no amulet)
HPRegen 0.23/turn               i - +4 ring of evasion
MPRegen 0.11/turn               (no ring)

@: about to teleport, flying
A: horns 2, retaliatory headbutt
a: no special abilities


You were on level 7 of the Dungeon.
You visited 2 branches of the dungeon, and saw 8 of its levels.

You collected 494 gold pieces.
You spent 334 gold pieces at shops.


Innate Abilities, Weirdness & Mutations

You have a pair of horns on your head.
You reflexively headbutt those who attack you in melee.


   Skills:
 - Level 7.0 Fighting
 + Level 12.7 Axes
 - Level 7.1 Armour
 - Level 2.5 Dodging
 - Level 4.7 Shields


You had 8 spell levels left.
You didn't know any spells.
Your spell library was empty.

Inventory:

Hand Weapons
 j - the +5 hand axe of the World (weapon) {speed, Contam Fly Will- Int+8}
   (You found it on level 4 of the Dungeon)

   Attacks with this weapon are significantly faster.
   Int:       It affects your intelligence (+8).
   Fly:       It grants you flight.
   Contam:    It causes magical contamination when unequipped.
   Will:      It decreases your willpower.
 u - a +0 morningstar
 Y - a +1 vorpal war axe
Armour
 a - the +0 pair of boots of Pathos (worn) {rF++}
   (You acquired it on level 2 of the Dungeon)

   rF:        It greatly protects you from fire.
 c - a +0 buckler (worn)
 e - a +0 pair of gloves (worn)
 n - a +0 cloak (worn)
 r - a +0 plate armour (worn)
Jewellery
 i - a +4 ring of evasion (left hand)
Scrolls
 b - a scroll of summoning {unknown}
 f - a scroll of identify
 m - 2 scrolls of teleportation
 t - a scroll of brand weapon
Potions
 d - 4 potions of might
 g - 2 potions of curing
 k - a potion of cancellation
 l - a potion of mutation
 o - 2 potions of haste
 p - a potion of resistance
 q - a potion of brilliance {unknown}
 s - a potion of invisibility {unknown}

Dungeon Overview and Level Annotations

Branches:
Dungeon (7/15)             Temple (1/1) D:5

Altars:
Ashenzari
Cheibriados
Dithmenos
Elyvilon
Fedhas
Gozag
Hepliaklqana
Kikubaaqudgha
Makhleb
Nemelex Xobeh
Okawaru
Qazlal
Sif Muna
Trog
Uskayaw
Vehumet
Zin
The Shining One

Shops:
D:1 =   D:3 [   D:5 !!!?(   D:7 (

Annotations:
D:3 1 runed translucent door, Crazy Yiuf
D:5 2 transporters


Message History

The centaur warrior skeleton hits you but does no damage.
The centaur warrior skeleton kicks you but does no damage.
The boggart zombie barely misses you.
The hellwing hits you but does no damage.
The hellwing barely misses you. The shadow imp closely misses you.
You furiously retaliate!
You headbutt the shadow imp! You block the hellwing's attack.
The hellwing barely misses you.
You closely miss the shadow imp.
The shadow imp is severely wounded.
You hit the centaur warrior skeleton. You hit the hellwing but do no damage.
You hit the centaur warrior skeleton. You hit the boggart zombie.
You hit the hellwing but do no damage. You slash the boggart zombie!
The boggart zombie is almost destroyed.
You hit the hellwing but do no damage. You slash the centaur warrior skeleton!
You hit the shadow imp. You hit the hellwing.
You hit the centaur warrior skeleton.
You block the centaur warrior skeleton's attack.
The centaur warrior skeleton kicks you.
The centaur warrior skeleton hits you but does no damage.
The centaur warrior skeleton closely misses you.
The hellwing closely misses you. The hellwing completely misses you.
The boggart zombie hits you but does no damage.
The shadow imp hits you but does no damage.
You block the hellwing's attack. The hellwing barely misses you.
You slash the boggart zombie!
You destroy the boggart zombie!
You barely miss the centaur warrior skeleton.
You hit the hellwing but do no damage. You slash the centaur warrior skeleton!
You hit the shadow imp. You hit the hellwing but do no damage.
The centaur warrior skeleton hits you.
The centaur warrior skeleton closely misses you.
The centaur warrior skeleton barely misses you. x2
You slash the shadow imp!
You kill the shadow imp!
You hit the hellwing but do no damage. You hit the centaur warrior skeleton.
You hit the hellwing. You hit the centaur warrior skeleton.
You hit the wolf spider zombie.
The hellwing barely misses you. x2; The hellwing hits you!
You die...

##...........#
########...........#
####...........#....)..
!..............###..##..
#.###.........#####..#..
...8..#..#...###.###....
.......#.#..###._.###...
...8P.Z8.#...###.###...>
.......@4###..#+#'#.....
......4ZZ# ##..###......
.$(.8....# ##..#.......
.\....8..# ##.........
?.....8..# #.........
...P.....# #........#
8..P.....# #........#
...P.....# #........#
#.......!#


You could see 2 hellwings, a wolf spider zombie and 2 centaur warrior skeletons.

Vanquished Creatures
  A centaur skeleton (D:7)
  Prince Ribbit (D:6)
  2 steam dragons
  2 orc warriors
  2 sky beasts (D:7)
  3 black bears
  An ogre (D:3)
  2 phantoms
  A bullfrog (D:7)
  A gnoll sergeant (D:6)
  3 scorpions
  3 howler monkeys
  A gnoll bouda (D:7)
  5 orc priests
  A hound (D:7)
  3 jellies
  5 orc wizards
  5 iguanas
  A boggart zombie (D:7)
  14 gnolls
  9 adders
  5 shadow imps (D:7)
  An ufetubus (D:5)
  A worm (D:4)
  A dart slug (D:3)
  10 orcs
  6 bats
  9 endoplasms
  6 giant cockroaches
  8 goblins
  4 hobgoblins
  4 jackals (D:3)
  9 kobolds
  3 quokkas
  4 ball pythons
  4 frilled lizards
  6 rats
147 creatures vanquished.

Vanquished Creatures (others)
  A withered plant (D:7)
1 creature vanquished.

Grand Total: 148 creatures vanquished

Notes
Turn   | Place    | Note
-------+----------+-------------------------------------------
     0 | D:1      | qw the Minotaur Fighter began the quest for the Orb.
     0 | D:1      | Reached XP level 1. HP: 19/19 MP: 0/0
     0 | D:1      | 0 ||| qw: Version: 0.1-a-107-g9ff403c
     0 | D:1      | 0 ||| qw: Game counter: 6155
     0 | D:1      | 0 ||| qw: Always use a shield: true
     0 | D:1      | 0 ||| qw: God list: Ru
     0 | D:1      | 0 ||| qw: Allow faded altars: false
     0 | D:1      | 0 ||| qw: Do Orc after D:15 true
     0 | D:1      | 0 ||| qw: Do second Lair branch before Depths: true
     0 | D:1      | 0 ||| qw: Lair rune preference: random
     0 | D:1      | 0 ||| qw: Plans: Normal
     0 | D:1      | 0 ||| PLANNING D:1-11
   146 | D:1      | Reached skill level 3 in Axes
   158 | D:1      | Found Kaz Gieb's Jewellery Boutique.
   187 | D:1      | 187 ||| SHOPLISTING +4 ring of slaying (1014 gold, have
                  | 28).
   187 | D:1      | 187 ||| SHOPLISTING amulet of guardian spirit (390 gold,
                  | have 28).
   187 | D:1      | 187 ||| SHOPLISTING ring of Nugity {rCorr Str+6 Dex+3
                  | Slay+3} (877 gold, have 28).
   187 | D:1      | 187 ||| SHOPLISTING ring of ice (325 gold, have 28).
   187 | D:1      | 187 ||| SHOPLISTING ring of positive energy (260 gold, have
                  | 28).
   187 | D:1      | 187 ||| SHOPLISTING ring of willpower (325 gold, have 28).
   237 | D:1      | Reached XP level 2. HP: 26/26 MP: 1/1
   428 | D:1      | Reached skill level 4 in Axes
   809 | D:1      | Reached XP level 3. HP: 31/31 MP: 2/2
   871 | D:1      | Found a faded altar of an unknown god.
   871 | D:1      | Noticed a neqoxec
   874 | D:1      | 874 ||| UPGRADING to +0 pair of boots.
   879 | D:1      | 879 ||| READING scroll labelled QAHARO SUIQ.
   985 | D:2      | 985 ||| Stepping ~*~*~tactically~*~*~ (stealth).
   993 | D:2      | 993 ||| Stepping ~*~*~tactically~*~*~ (stealth).
  1057 | D:2      | 1057 ||| DROPPING +0 club.
  1211 | D:2      | Found Geomuem's Weapon Shop.
  1634 | D:2      | 1634 ||| READING scroll labelled RAOTABR YLYDEN.
  1638 | D:2      | 1638 ||| READING scroll labelled CUOMUC MOOMOIPH.
  1638 | D:2      | Identified a scroll of acquirement
  1638 | D:2      | 1638 ||| ACQUIRING +0 pair of boots of Pathos {rF++}
  1638 | D:2      | Acquired the +0 pair of boots of Pathos {rF++}
  1640 | D:2      | 1640 ||| UPGRADING to +0 pair of boots of Pathos {rF++}.
  1650 | D:2      | 1650 ||| DROPPING +0 pair of boots.
  1651 | D:2      | 1651 ||| READING scroll labelled GAJ HOTEACW.
  1652 | D:2      | 1652 ||| READING scroll labelled INIAPP VONNOL.
  1653 | D:2      | 1653 ||| READING scroll labelled GOLUTO ICEIDWY.
  1654 | D:2      | 1654 ||| DRINKING 3 orange potions.
  1676 | D:3      | 1676 ||| STAIRDANCE
  1681 | D:3      | 1681 ||| STAIRDANCE
  1721 | D:3      | Reached skill level 5 in Axes
  1766 | D:3      | Found Seshot's Antique Armour Emporium.
  1786 | D:3      | Reached skill level 1 in Dodging
  1795 | D:3      | 1795 ||| SHOPLISTING runed chain mail (240 gold, have 118).
  1806 | D:3      | Noticed an ogre
  1812 | D:3      | Killed an ogre
  1813 | D:3      | Reached skill level 6 in Axes
  1813 | D:3      | Reached XP level 4. HP: 39/39 MP: 3/3
  1813 | D:3      | Reached XP level 5. HP: 45/45 MP: 4/4
  1830 | D:3      | Found a runed translucent door.
  1831 | D:3      | Noticed Crazy Yiuf
  2133 | D:3      | 2133 ||| Stepping ~*~*~tactically~*~*~ (stealth).
  2142 | D:3      | 2142 ||| Stepping ~*~*~tactically~*~*~ (stealth).
  2269 | D:3      | 2269 ||| UPGRADING to +0 cloak.
  2274 | D:3      | 2274 ||| READING 2 scrolls labelled DUTZET ORYCWEF.
  2275 | D:3      | 2275 ||| READING scroll labelled NIGEOMN FINOCS.
  2276 | D:3      | 2276 ||| READING 3 scrolls of identify.
  2276 | D:3      | 2276 ||| IDENTIFYING clear potion
  2277 | D:3      | 2277 ||| READING 2 scrolls of identify.
  2277 | D:3      | 2277 ||| IDENTIFYING dark potion
  2278 | D:3      | 2278 ||| DROPPING potion of lignification.
  2279 | D:3      | 2279 ||| DROPPING scroll of blinking.
  2280 | D:3      | 2280 ||| DROPPING potion of flight.
  2324 | D:4      | 2324 ||| Stepping ~*~*~tactically~*~*~ (stealth).
  2389 | D:4      | 2389 ||| DROPPING +0 whip.
  2470 | D:4      | Reached skill level 7 in Axes
  2505 | D:4      | 2505 ||| Stepping ~*~*~tactically~*~*~ (hiding).
  2543 | D:4      | 2543 ||| FLEEEEING.
  2617 | D:4      | Identified the +5 hand axe of the World {speed, Contam Fly
                  | Will- Int+8}
  2619 | D:4      | 2619 ||| SWAPPING to +5 hand axe of the World {speed,
                  | Contam Fly Will- Int+8}.
  2812 | D:4      | Noticed a phantom
  2822 | D:4      | Killed a phantom
  2823 | D:4      | Reached XP level 6. HP: 43/52 MP: 5/5
  2915 | D:4      | 2915 ||| UPGRADING to +4 ring of evasion.
  2916 | D:4      | 2916 ||| READING 5 scrolls of identify.
  2916 | D:4      | 2916 ||| IDENTIFYING purple potion
  2917 | D:4      | 2917 ||| READING 4 scrolls of identify.
  2917 | D:4      | 2917 ||| IDENTIFYING viscous grey potion
  2918 | D:4      | 2918 ||| READING 3 scrolls of identify.
  2918 | D:4      | 2918 ||| IDENTIFYING glowing coppery potion
  2919 | D:4      | 2919 ||| READING 2 scrolls of identify.
  2919 | D:4      | 2919 ||| IDENTIFYING ruby potion
  2920 | D:4      | 2920 ||| DROPPING potion of degeneration.
  2921 | D:4      | 2921 ||| DROPPING potion of magic.
  2940 | D:5      | Entered Level 5 of the Dungeon
  2963 | D:5      | 2963 ||| Stepping ~*~*~tactically~*~*~ (hiding).
  2970 | D:5      | 2970 ||| FLEEEEING.
  2971 | D:5      | 2971 ||| FLEEEEING.
  2972 | D:5      | 2972 ||| FLEEEEING.
  2973 | D:5      | 2973 ||| FLEEEEING.
  2974 | D:5      | 2974 ||| FLEEEEING.
  2975 | D:5      | 2975 ||| FLEEEEING.
  2976 | D:5      | 2976 ||| FLEEEEING.
  2977 | D:5      | 2977 ||| FLEEEEING.
  2978 | D:5      | 2978 ||| FLEEEEING.
  2979 | D:5      | 2979 ||| FLEEEEING.
  2980 | D:5      | 2980 ||| FLEEEEING.
  2981 | D:5      | 2981 ||| STAIRDANCE
  3035 | D:5      | 3035 ||| STAIRDANCE
  3044 | D:4      | Reached skill level 8 in Axes
  3082 | D:5      | Found a transporter.
  3098 | D:5      | Found a transporter.
  3127 | D:5      | Found Qooluzaz's Magic Scroll Boutique.
  3134 | D:5      | Found Bipag's Distillery.
  3197 | D:5      | 3197 ||| BUYING potion of curing (42 gold).
  3197 | D:5      | Bought a potion of curing for 42 gold pieces
  3197 | D:5      | 3197 ||| BUYING potion of haste (140 gold).
  3197 | D:5      | Bought a potion of haste for 140 gold pieces
  3197 | D:5      | 3197 ||| SHOPLISTING potion of heal wounds (70 gold, have
                  | 63).
  3197 | D:5      | 3197 ||| BUYING potion of might (56 gold).
  3197 | D:5      | Bought a potion of might for 56 gold pieces
  3201 | D:5      | 3201 ||| SHOPLISTING 3 scrolls of teleportation (126 gold,
                  | have 7).
  3201 | D:5      | 3201 ||| SHOPLISTING scroll of enchant weapon (105 gold,
                  | have 7).
  3201 | D:5      | 3201 ||| SHOPLISTING scroll of identify (28 gold, have 7).
  3201 | D:5      | 3201 ||| SHOPLISTING scroll of teleportation (42 gold, have
                  | 7).
  3232 | D:5      | Found a staircase to the Ecumenical Temple.
  3233 | D:5      | 3233 ||| PLANNING TEMPLE
  3238 | Temple   | Entered the Ecumenical Temple
  3274 | Temple   | 3274 ||| PLANNING D:1-11
  3316 | D:5      | Reached skill level 9 in Axes
  3316 | D:5      | Reached XP level 7. HP: 59/59 MP: 6/6
  3365 | D:5      | Found an iron altar of Okawaru.
  3380 | D:5      | Noticed a steam dragon
  3381 | D:5      | 3381 ||| Stepping ~*~*~tactically~*~*~ (stealth).
  3397 | D:5      | 3397 ||| Stepping ~*~*~tactically~*~*~ (hiding).
  3404 | D:5      | Killed a steam dragon
  3415 | D:5      | Reached skill level 10 in Axes
  3454 | D:5      | Found Ofuxtabuerr's Distillery.
  3462 | D:5      | 3462 ||| SHOPLISTING 2 potions of curing (72 gold, have
                  | 37).
  3462 | D:5      | 3462 ||| BUYING potion of curing (36 gold).
  3462 | D:5      | Bought a potion of curing for 36 gold pieces
  3462 | D:5      | 3462 ||| SHOPLISTING potion of haste (120 gold, have 1).
  3462 | D:5      | 3462 ||| SHOPLISTING potion of might (48 gold, have 1).
  3544 | D:5      | Found a snail-covered altar of Cheibriados.
  3553 | D:5      | Found Pyiwk's Antique Weapon Boutique.
  3556 | D:5      | 3556 ||| SHOPLISTING glowing mace (168 gold, have 10).
  3602 | D:5      | Found Kisiraj's Distillery.
  3618 | D:5      | 3618 ||| SHOPLISTING 2 potions of curing (90 gold, have
                  | 10).
  3618 | D:5      | 3618 ||| SHOPLISTING potion of heal wounds (75 gold, have
                  | 10).
  3618 | D:5      | 3618 ||| SHOPLISTING potion of might (60 gold, have 10).
  3618 | D:5      | 3618 ||| SHOPLISTING potion of resistance (150 gold, have
                  | 10).
  3791 | D:6      | 3791 ||| Stepping ~*~*~tactically~*~*~ (hiding).
  3800 | D:6      | 3800 ||| Stepping ~*~*~tactically~*~*~ (hiding).
  3802 | D:6      | HP: 15/61 [gnoll sergeant/+2 trident of venom (6)]
  3803 | D:6      | 3803 ||| READING 2 scrolls of teleportation.
  3803 | D:6      | HP: 7/61 [poisoned by a gnoll sergeant]
  3804 | D:6      | 3804 ||| DRINKING 2 potions of heal wounds.
  3806 | D:6      | 3806 ||| DRINKING potion of heal wounds.
  3809 | D:6      | Reached XP level 8. HP: 26/69 MP: 7/7
  3811 | D:6      | HP: 17/69 [poisoned by a gnoll sergeant]
  3816 | D:6      | HP: 11/69 [poisoned by a gnoll sergeant]
  4279 | D:6      | Found a radiant altar of Vehumet.
  4282 | D:6      | Found a blossoming altar of Fedhas.
  4284 | D:6      | Found a bloodstained altar of Trog.
  4284 | D:6      | Found a shimmering blue altar of Sif Muna.
  4285 | D:6      | Found a broken altar of Ashenzari.
  4396 | D:6      | Reached skill level 6 in Fighting
  4431 | D:6      | Noticed Prince Ribbit
  4456 | D:6      | Killed Prince Ribbit
  4649 | D:6      | 4649 ||| Stepping ~*~*~tactically~*~*~ (hiding).
  4659 | D:6      | Reached skill level 11 in Axes
  4679 | D:6      | 4679 ||| DRINKING 3 potions of curing.
  4679 | D:6      | 4679 ||| (to cure confusion)
  5037 | D:6      | 5037 ||| UPGRADING to +0 pair of gloves.
  5042 | D:6      | 5042 ||| UPGRADING to +0 plate armour.
  5052 | D:6      | 5052 ||| DROPPING +0 scale mail.
  5053 | D:6      | 5053 ||| DRINKING 2 glowing dark potions.
  5154 | D:6      | 5154 ||| READING 2 scrolls of identify.
  5154 | D:6      | 5154 ||| IDENTIFYING lumpy orange potion
  5155 | D:6      | 5155 ||| DROPPING potion of ambrosia.
  5215 | D:7      | Found an opulent altar of Gozag.
  5256 | D:7      | 5256 ||| Stepping ~*~*~tactically~*~*~ (stealth).
  5358 | D:7      | Reached skill level 6 in Armour
  5358 | D:7      | Reached XP level 9. HP: 78/78 MP: 8/8
  5423 | D:7      | 5423 ||| Stepping ~*~*~tactically~*~*~ (hiding).
  5492 | D:7      | Reached skill level 12 in Axes
  5701 | D:7      | Found a glowing golden altar of the Shining One.
  5733 | D:7      | 5733 ||| Stepping ~*~*~tactically~*~*~ (stealth).
  5734 | D:7      | 5734 ||| Stepping ~*~*~tactically~*~*~ (stealth).
  5744 | D:7      | 5744 ||| Stepping ~*~*~tactically~*~*~ (stealth).
  5745 | D:7      | 5745 ||| Stepping ~*~*~tactically~*~*~ (stealth).
  5817 | D:7      | Found Huhojupokh's Weapon Boutique.
  5823 | D:7      | 5823 ||| BUYING +0 morningstar (60 gold).
  5823 | D:7      | Bought a +0 morningstar for 60 gold pieces
  5823 | D:7      | 5823 ||| DROPPING +0 flail.
  5856 | D:7      | Found a sparkling altar of Nemelex Xobeh.
  5928 | D:7      | Identified the +0 robe "Relam" {rElec rC++ Int+2 Dex-5}
  5956 | D:7      | Noticed a hellwing
  5956 | D:7      | Noticed a hellwing
  5979 | D:7      | HP: 9/79 [hellwing (11)]
  5980 | D:7      | 5980 ||| READING 3 scrolls of teleportation.
  5983 | D:7      | HP: 1/79 [centaur warrior skeleton (5)]
  5984 | D:7      | Mangled by a hellwing

Levels and vault maps discovered:
D:1:      dpeg_arrival_windows_large_door, layout_basic,
          dreamdust_ecumenical_altar_sealed_demon, serial_shops,
          nicolae_shop_temple_entry_statues_fountains
D:2:      layout_basic, serial_shops, nicolae_shop_trees
D:3:      minmay_spotlight, layout_rooms, serial_shops, nicolae_diamond_shop,
          uniq_crazy_yiuf_cottage
D:4:      layout_cave_pools, st_stairs_14
D:5:      gammafunk_steamed_eel, layout_cave_pools, kennysheep_okawaru_gauntlet,
          general_overflow_altar, minmay_temple_entry_hall, serial_shops,
          nicolae_shop_behind_doors, shop, nicolae_shop_hallway_stairs,
          shop_fountains, shop
D:6:      layout_basic, grunt_temple_overflow_open, uniq_prince_ribbit1
D:7:      cheibrodos_grave_circle, layout_basic, nemelex_diamond_rough_becter,
          kennysheep_little_box, mainiacjoe_overflow_concentric_impassable,
          serial_shops, shop, minivault_23
Temple:   hellmonk_temple_of_storms

Skill      XL: |  1  2  3  4  5  6  7  8  9 |
---------------+----------------------------+-----
Axes           | 3 4 6 7 9 10 11 12 | 12.7
Dodging        | 1 2 |  2.5
Fighting       | 4 5 6 7 |  7.0
Shields        | 4 |  4.7
Armour         | 6 7 |  7.1

Action                   |  1- 3 |  4- 6 |  7- 9 || total
-------------------------+-------+-------+-------++-------
Melee: War axe           |   108 |    45 |       ||   153
       Headbutt          |    11 |    14 |    52 ||    77
       Hand axe          |       |    44 |   192 ||   236
  Use: Scroll            |     6 |     8 |     3 ||    17
       Potion            |     1 |       |     4 ||     5
Armor: Scale mail        |    46 |    21 |    17 ||    84
       Plate armour      |       |       |    38 ||    38
Dodge: Dodged            |    39 |    31 |    85 ||   155
Block: Buckler           |    18 |    11 |    31 ||    60

Table legend:
 A = Non-vault XP
 B = Vault XP
 C = Vault XP percentage of total XP
 D = Non-vault monster count
 E = Vault monster count
 F = Vault count percentage of total count
                 A         B        C        D         E       F
            +---------+---------+-------+---------+---------+-------
      Total |    3439 |     796 |  18.8 |     132 |      15 |  10.2
            +---------+---------+-------+---------+---------+-------
        D:1 |      42 |       0 |   0.0 |      24 |       0 |   0.0
        D:2 |      32 |       0 |   0.0 |      15 |       0 |   0.0
        D:3 |     180 |       8 |   4.3 |      20 |       4 |  16.7
        D:4 |     193 |      14 |   6.8 |      12 |       1 |   7.7
        D:5 |     854 |       4 |   0.5 |      19 |       2 |   9.5
        D:6 |     821 |     268 |  24.6 |      19 |       1 |   5.0
        D:7 |    1317 |     502 |  27.6 |      23 |       7 |  23.3
            +---------+---------+-------+---------+---------+-------
